 Dungeon Crawl Stone Soup version 0.28-a0-1624-g820543e53a (webtiles) character file.

Game seed: 12382420357589985759

4973 hatsuma the Cleaver (level 10, -6/88 HPs)
             Began as a Hill Orc Monk on Jan 23, 2022.
             Was a Believer of Beogh.
             Mangled by an orc warrior (14 damage)
             ... in a bailey.
             The game lasted 00:52:12 (9607 turns).

hatsuma the Cleaver (Hill Orc Monk)                 Turns: 9607, Time: 00:52:14

Health: -6/88      AC: 23    Str: 19    XL:     10   Next: 53%
Magic:  17/17      EV:  7    Int: 17    God:    Beogh [**....]
Gold:   337        SH:  0    Dex: 19    Spells: 12/12 levels left

rFire   + + +      SeeInvis .   C - +0 battleaxe
rCold   . . .      Faith    .   (shield currently unavailable)
rNeg    . . .      Spirit   .   k - +8 plate armour of Bid Fuol {Rampage Int+5}
rPois   +          Reflect  .   (no helmet)
rElec   .          Harm     .   (no cloak)
rCorr   .          Rampage  +   h - +0 pair of gloves of the Prince of Darkness {rF+++ Int+2 Dex+6}
Will    +....                   n - +0 pair of boots
Stlth   ..........              (no amulet)
HPRegen 0.24/turn               e - ring of poison resistance
MPRegen 0.15/turn               z - ring of willpower

@: confused, mighty, ambrosia-drunk, attractive
A: no striking features
a: Renounce Religion, Smiting


You were in a bailey.
You worshipped Beogh.
Beogh was pleased with you.
You visited 1 branch of the dungeon, and saw 7 of its levels.
You also visited: Bailey.

You collected 337 gold pieces.

Inventory:

Hand Weapons
 C - a +0 battleaxe (weapon)
Armour
 h - the +0 pair of gloves of the Prince of Darkness (worn) {rF+++ Int+2 Dex+6}
   (You found it on level 3 of the Dungeon)

   Int:       It affects your intelligence (+2).
   Dex:       It affects your dexterity (+6).
   rF:        It renders you almost immune to fire.
 k - the +8 plate armour of Bid Fuol (worn) {Rampage Int+5}
   (You found it on level 3 of the Dungeon)

   Int:       It affects your intelligence (+5).
   Rampage:   It bestows one free step when moving towards enemies.
 n - a +0 pair of boots (worn)
Jewellery
 e - a ring of poison resistance (left hand)
 q - a ring of wizardry
 z - a ring of willpower (right hand)
Wands
 c - a wand of polymorph (17)
 m - a wand of flame (28)
 p - a wand of iceblast (14)
 v - a wand of paralysis (4)
Scrolls
 b - a scroll of brand weapon {unknown}
 f - 3 scrolls of enchant weapon
 g - 2 scrolls of magic mapping
 j - a scroll of fear {unknown}
 o - a scroll of summoning
 s - 3 scrolls of fog {unknown}
 t - a scroll of noise {unknown}
 w - 2 scrolls of teleportation {unknown}
 y - a scroll of vulnerability {unknown}
 B - a scroll of identify
Potions
 a - a potion of experience
 d - 5 potions of curing
 l - a potion of lignification {unknown}
 r - 2 potions of brilliance
 u - 3 potions of might
 x - a potion of haste


   Skills:
 - Level 7.9 Fighting
 - Level 11.1 Axes
 - Level 6.7 Armour
 - Level 2.4 Dodging
 - Level 1.5 Stealth
 + Level 5.7 Shields
 - Level 1.6 Spellcasting
 - Level 9.3 Invocations
 - Level 2.5 Evocations


You had 12 spell levels left.
You didn't know any spells.
Your spell library contained the following spells:

 Spells                   Type           Power      Damage    Failure   Level
 Magic Dart               Conj           4%         1d3       99%         1
 Call Imp                 Summ           1%         N/A       100%        2
 Static Discharge         Conj/Air       1%         N/A       100%        2
 Sublimation of Blood     Necr           1%         N/A       100%        2
 Wereblood                Tmut           1%         N/A       100%        2
 Gell's Gravitas          Tloc           1%         N/A       100%        3
 Mephitic Cloud           Conj/Pois/Air  1%         N/A       100%        3
 Teleport Other           Tloc           1%         N/A       100%        3
 Lightning Bolt           Conj/Air       0%         1d11      100%        5
 Dispersal                Tloc           0%         N/A       100%        6
 Summon Hydra             Summ           0%         N/A       100%        7
 Borgnjor's Revivificati  Necr           0%         N/A       100%        8
 Maxwell's Capacitive Co  Air            0%         ∞         100%        8
 Necromutation            Tmut/Necr      0%         N/A       100%        8
 Death's Door             Necr           0%         N/A       100%        9


Dungeon Overview and Level Annotations

Branches:
Dungeon (7/15)             Temple (0/1) D:6          Bailey (1/1)

Altars:
Fedhas
Kikubaaqudgha
Trog

Annotations:
D:4 1 runed translucent door, buddhastalin's ghost, novice KoBr
D:5 3 runed translucent doors, Zonian's ghost, novice DjIE


Message History

You barely miss the orc warrior.
The orc warrior hits you but does no damage.
The orc warrior hits you with a +0 war axe!
The orc warrior hits you with a +0 hand axe!
* * * LOW HITPOINT WARNING * * *
Aiming: Smiting
Press: ? - help, Dir - move target, f - orc warrior, p - orc warrior Smite: an orc warrior, wielding a +0 hand axe and wearing a +0 ring mail (severely wounded, fast)
You smite the orc warrior!!
You kill the orc warrior!
Beogh accepts your kill.
The orc warrior hits you with a +0 war axe!
* * * LOW HITPOINT WARNING * * *
You are confused.
You feel invigorated.
The orc warrior hits you with a +0 hand axe.
* * * LOW HITPOINT WARNING * * *
The orc warrior closely misses you.
The orc warrior hits you with a +0 war axe.
* * * LOW HITPOINT WARNING * * *
You are too confused!
It was a potion of might.
You feel very mighty all of a sudden.
The orc warrior hits you but does no damage.
The orc warrior hits you with a +0 war axe.
* * * LOW HITPOINT WARNING * * *
The orc warrior barely misses you.
You closely miss the orc warrior. You hit the orc warrior.
You slash the orc warrior!
The orc warrior hits you with a +0 hand axe.
* * * LOW HITPOINT WARNING * * *
The orc warrior barely misses you. x2
It was a potion of attraction.
You feel attractive to monsters.
The orc warrior hits you with a +0 hand axe.
* * * LOW HITPOINT WARNING * * *
The orc warrior barely misses you.
The orc warrior hits you with a +0 war axe!
You die...
Beogh appreciates the orc warrior's killing of a heretic priest.

###.).......###.........
#.)).)......#.....)....
#.......)..)#....))....
#.....⌠....)#.....⌠....
#...........)..........
#...........#..........
##....g....###.........
###.oooo### ###.....##
###@### ###.### ### ###


You could see 4 orc warriors and a hobgoblin.

Vanquished Creatures
  3 orc knights (Bailey)
  Pikel (D:6)
  A tormentor (D:6)
  A troll (D:5)
  Sigmund (D:6)
  Menkaure (D:5)
  8 orc warriors
  A black bear (D:4)
  2 ice beasts (D:6)
  2 sky beasts
  A necrophage (D:6)
  A centaur (D:6)
  2 ogres
  3 lemures
  A phantom (D:5)
  A bullfrog (D:7)
  A wyvern zombie (D:7)
  A howler monkey (D:5)
  A centaur zombie (D:5)
  A bullfrog zombie (D:5)
  2 hounds
  A bullfrog skeleton (D:5)
  2 orc priests
  An iguana (D:5)
  Jessica (D:2)
  6 orc wizards
  A killer bee zombie (D:6)
  A hound skeleton (D:4)
  10 gnolls
  4 adders
  A shadow imp (D:7)
  An adder skeleton (D:5)
  3 worms
  A dart slug (D:2)
  21 orcs
  2 endoplasms
  4 giant cockroaches
  18 goblins
  9 hobgoblins
  6 jackals
  2 quokkas
  6 ball pythons
  A bat (D:2)
  A frilled lizard (D:2)
  9 kobolds
  5 rats
153 creatures vanquished.

Vanquished Creatures (others)
  An orc (D:3)
  An endoplasm (D:3)
  2 fungi (D:3)
  2 withered plants (D:4)
6 creatures vanquished.

Grand Total: 159 creatures vanquished

Notes
Turn   | Place    | Note
-------+----------+-------------------------------------------
     0 | D:1      | hatsuma the Hill Orc Monk began the quest for the Orb.
     0 | D:1      | Reached XP level 1. HP: 19/19 MP: 1/1
   290 | D:1      | Reached skill level 1 in Armour
   297 | D:1      | Reached XP level 2. HP: 21/26 MP: 2/2
  1177 | D:2      | Reached XP level 3. HP: 11/31 MP: 2/4
  1756 | D:2      | Noticed Jessica
  1759 | D:2      | Reached skill level 1 in Spellcasting
  1764 | D:2      | Killed Jessica
  1765 | D:2      | Reached XP level 4. HP: 32/39 MP: 4/6
  2886 | D:3      | Identified the +0 pair of gloves of the Prince of Darkness
                  | {rF+++ Int+2 Dex+6}
  2957 | D:3      | Identified the +8 plate armour of Bid Fuol {Rampage Int+5}
  2971 | D:3      | Became a worshipper of Beogh the Brigand
  2971 | D:3      | Reached * piety under Beogh
  2971 | D:3      | Reached ** piety under Beogh
  2974 | D:3      | Reached XP level 5. HP: 46/46 MP: 7/7
  3000 | D:3      | Found a blossoming altar of Fedhas.
  3363 | D:3      | Found a bloodstained altar of Trog.
  3537 | D:3      | Found an ancient bone altar of Kikubaaqudgha.
  3816 | D:4      | Found a runed translucent door.
  3816 | D:4      | Noticed buddhastalin's ghost (novice KoBr)
  4276 | D:5      | Entered Level 5 of the Dungeon
  4290 | D:5      | Reached skill level 5 in Axes
  4290 | D:5      | Reached XP level 6. HP: 47/52 MP: 8/8
  4302 | D:5      | Noticed a black bear
  4323 | D:4      | Killed a black bear
  4459 | D:5      | Found a runed translucent gate.
  4533 | D:5      | Reached skill level 6 in Axes
  4533 | D:5      | Reached XP level 7. HP: 50/59 MP: 9/9
  4668 | D:5      | Reached skill level 1 in Evocations
  4822 | D:5      | Found a runed translucent gate.
  4822 | D:5      | Found a runed translucent gate.
  4827 | D:5      | Noticed Zonian's ghost (novice DjIE)
  4856 | D:5      | Reached skill level 7 in Axes
  5306 | D:6      | Reached skill level 5 in Invocations
  5306 | D:6      | Reached XP level 8. HP: 58/66 MP: 10/12
  5404 | D:6      | Noticed Sigmund
  5469 | D:5      | Reached skill level 8 in Axes
  5674 | D:6      | Noticed Grinder
  5675 | D:6      | Noticed Grinder
  5675 | D:6      | Grinder changed into Grinder the tormentor
  6180 | D:6      | Reached *** piety under Beogh
  6181 | D:6      | Reached skill level 9 in Axes
  6309 | D:6      | Killed Grinder the tormentor
  6310 | D:6      | Reached skill level 5 in Shields
  6614 | D:6      | Found a staircase to the Ecumenical Temple.
  6768 | D:6      | Reached XP level 9. HP: 71/71 MP: 13/13
  6778 | D:6      | Noticed a troll
  6814 | D:5      | Killed a troll
  6815 | D:5      | Reached skill level 5 in Fighting
  6997 | D:6      | Noticed Menkaure
  6997 | D:6      | Noticed Pikel
  7008 | D:5      | Killed Menkaure
  7365 | D:6      | Killed Sigmund
  7438 | D:6      | Killed Pikel
  8248 | D:7      | Found a flagged portal.
  8280 | Bailey   | Entered a bailey
  8355 | Bailey   | Noticed an orc knight
  8373 | Bailey   | Killed an orc knight
  8374 | Bailey   | Reached XP level 10. HP: 30/83 MP: 9/17
  8805 | Bailey   | Reached skill level 10 in Axes
  9061 | Bailey   | Noticed an orc knight
  9091 | Bailey   | Killed an orc knight
  9192 | Bailey   | Reached skill level 11 in Axes
  9536 | Bailey   | Noticed an orc knight
  9546 | Bailey   | Killed an orc knight
  9606 | Bailey   | HP: 4/88 [orc warrior (6)]
  9607 | Bailey   | Mangled by an orc warrior

Illustrated notes

Levels and vault maps discovered:
D:1:      evilmike_arrival_plus, layout_basic, serial_glass, glass_columns_a,
          glass_columns_b, lemuel_flame_loot_1
D:2:      layout_loops_ring, uniq_jessica
D:3:      layout_basic, fedhas_altar_3, kiku_gazebo_garden_becter, trog_book,
          minmay_misc_feat_iff
D:4:      layout_cave_pools, gammafunk_ghost_grave, minmay_between
D:5:      layout_loops_ring, gammafunk_ghost_necromancy, st_stairs_6,
          minmay_misc_feat_rows
D:6:      layout_loops_ring, minmay_temple_entry_antechambers,
          water_boxes_lemuel, uniq_menkaure, uniq_sigmund, uniq_grinder,
          uniq_pikel
D:7:      layout_gridville, nicolae_uskayaw_dance_studio, enter_bailey_5,
          uniq_crazy_yiuf_cottage
Bailey:   bailey_axe_minmay_hex_keep, bailey

Skill      XL: |  1  2  3  4  5  6  7  8  9 10 |
---------------+-------------------------------+-----
Armour         | 1 2 3 4 6 |  6.7
Spellcasting   | 1 |  1.6
Fighting       | 4 6 7 |  7.9
Invocations    | 2 3 5 6 9 |  9.3
Axes           | 5 6 7 9 11 | 11.1
Shields        | 2 3 5 |  5.7
Evocations     | 1 2 |  2.5
Dodging        | |  2.4
Stealth        | |  1.5

Action                   |  1- 3 |  4- 6 |  7- 9 | 10-12 || total
-------------------------+-------+-------+-------+-------++-------
Melee: Hand axe          |    90 |   206 |   389 |     7 ||   692
       Punch             |     1 |     2 |       |       ||     3
       Battleaxe         |       |       |       |   115 ||   115
Invok: Convert to Beogh  |       |     1 |       |       ||     1
       Smiting           |       |       |    12 |     2 ||    14
Evoke: Wand              |       |       |     2 |     7 ||     9
  Use: Scroll            |       |     2 |     3 |       ||     5
       Potion            |       |       |     1 |     3 ||     4
 Stab: Paralysed         |       |       |     9 |    10 ||    19
Armor: Ring mail         |    24 |    10 |       |       ||    34
       Plate armour      |       |   128 |   226 |    57 ||   411
Dodge: Dodged            |    55 |    76 |    66 |    28 ||   225
Block: Buckler           |       |    21 |    84 |       ||   105

Table legend: (Time is in decaauts)
 A = Elapsed time spent in this place.
 B = Non-inter-level travel time spent in this place.
 C = Inter-level travel time spent in this place.
 D = Time resting spent in this place.
 E = Time spent auto-exploring this place.
 F = Levels seen in this place.
 G = Mean time per level.
                   A        B        C        D        E       F      G
               +--------+--------+--------+--------+--------+-----+--------+
         Total |   9610 |   9041 |    569 |   3431 |   3342 |   8 | 1201.2 |
       Dungeon |   8271 |   7702 |    569 |   2588 |   3342 |   7 | 1181.6 |
        Bailey |   1339 |   1339 |      0 |    843 |      0 |   1 | 1339.0 |
               +--------+--------+--------+--------+--------+-----+--------+

Top non-repeatable levels by time:
     D:5: 1941 daAuts
     D:1: 1736 daAuts
     D:6: 1668 daAuts
  Bailey: 1339 daAuts
     D:2: 1153 daAuts
     D:3: 875 daAuts
     D:4: 639 daAuts
     D:7: 257 daAuts
